 Dungeon Crawl Stone Soup version 0.20-a0-1009-gc986637 (webtiles) character file.

63835 M4edhros the Blocker (level 15, -10/154 HPs)
             Began as an Octopode Artificer on Apr 14, 2017.
             Was the Champion of Qazlal.
             Splashed by an oklob plant's acid (12 damage)
             ... on level 1 of the Lair of Beasts on Apr 15, 2017.
             The game lasted 00:55:49 (16937 turns).

M4edhros the Blocker (Octopode Artificer)          Turns: 16937, Time: 00:55:50

Health: -10/154    AC:  7    Str: 20    XL:     15   Next: 11%
Magic:  23/23      EV: 15    Int: 20    God:    Qazlal [******]
Gold:   518        SH: 25    Dex: 19    Spells: 6/17 levels left

rFire    + . .     SeeInvis .   o - +2 scimitar (flame)
rCold    . . .     Gourm    .   k - +3 shield
rNeg     + . .     Faith    .   E - +1 hat
rPois    .         Spirit   .   r - amulet of regeneration
rElec    +         Reflect  .   u - ring "Yklik" {Wiz rElec rC- Str+5 Stlth+}
rCorr    .         Harm     .   D - +3 ring of intelligence
MR       +....                  P - ring of positive energy
Stlth    ..........             a - +2 ring of intelligence
Regen    0.8/turn               V - ring of wizardry
MPRegen  0.2/turn               c - +4 ring of slaying
                                (no ring)
                                (no ring)

@: berserking, grasped by roots, protected from physical damage, repel missiles,
quick
A: almost no armour, stealthy swim, amphibious, 8 rings, constrict 8, tentacle
spike 1, yellow scales 1, camouflage 1, clever 1, cold resistance 1, fire
resistance 1, sense surroundings 1, electricity resistance, weak 1, gelatinous
body 1
a: Upheaval, Elemental Force, Disaster Area, Renounce Religion


You were on level 1 of the Lair of Beasts.
You worshipped Qazlal.
Qazlal was exalted by your worship.
You were not hungry.

You visited 4 branches of the dungeon, and saw 19 of its levels.
You also visited: Volcano.

You collected 1952 gold pieces.
You spent 1434 gold pieces at shops.

Inventory:

Hand Weapons
 o - a +2 scimitar of flaming (weapon)
 C - a +2 dagger of venom
 X - the +1 broad axe of Tegoh {venom, Str+6}
   (You bought it in a shop on level 2 of the Orcish Mines)

   It poisons the flesh of those it strikes.
   It affects your strength (+6).
Armour
 k - a +3 shield (worn)
 E - a +1 hat (worn)
Jewellery
 a - a +2 ring of intelligence (on tentacle)
 c - a +4 ring of slaying (on tentacle)
 m - an uncursed ring of ice
 r - an amulet of regeneration (around mantle)
 u - the ring "Yklik" (left tentacle) {Wiz rElec rC- Str+5 Stlth+}
   (You found it on level 4 of the Dungeon)

   [ring of wizardry]

   It improves your spell success rate.
   It affects your strength (+5).
   It makes you vulnerable to cold.
   It insulates you from electricity.
   It makes you more stealthy.
 D - a +3 ring of intelligence (right tentacle)
 P - a ring of positive energy (on tentacle)
 V - a ring of wizardry (on tentacle)
Wands
 b - a wand of flame (6/48)
 h - a wand of random effects (13/48)
 t - a wand of polymorph (4/24)
 K - a wand of enslavement (7/24)
 R - a wand of clouds (3/9)
Scrolls
 e - 2 scrolls of teleportation
 l - 3 scrolls of magic mapping
 q - a scroll of immolation
 s - a scroll of fog
 w - 12 scrolls of identify
 x - a scroll of silence {unknown}
 y - a scroll of amnesia
 z - 6 scrolls of remove curse
 F - 2 scrolls of fear
 J - 4 scrolls of recharging {unknown}
 S - 2 scrolls of enchant weapon {unknown}
Potions
 j - 3 potions of curing
 v - a potion of magic
 B - 4 potions of flight
 G - a potion of ambrosia
 H - 2 potions of mutation
 L - a potion of brilliance
 U - 2 potions of cancellation
 Y - a potion of agility
 Z - a potion of berserk rage
Books
 i - a book of Enchantments

   Spells                             Type                      Level
   a - Cause Fear                     Hexes                        4
   b - Yara's Violent Unravelling     Hexes/Transmutation          5
   c - Silence                        Hexes/Air                    5
   d - Deflect Missiles               Charms/Air                   6
   e - Discord                        Hexes                        8
 A - a book of Frost

   Spells                             Type                      Level
   a - Freeze                         Ice                          1
   b - Throw Frost                    Conjuration/Ice              2
   c - Ozocubu's Armour               Charms/Ice                   3
   d - Throw Icicle                   Conjuration/Ice              4
   e - Summon Ice Beast               Ice/Summoning                4
 N - a book of Party Tricks

   Spells                             Type                      Level
   a - Summon Butterflies             Summoning                    1
   b - Apportation                    Translocation                1
   c - Lesser Beckoning               Translocation                3
   d - Tukima's Dance                 Hexes                        3
   e - Alistair's Intoxication        Transmutation/Poison         5
   f - Invisibility                   Hexes                        6
 T - a book of Spatial Translocations

   Spells                             Type                      Level
   a - Blink                          Translocation                2
   b - Shroud of Golubria             Charms/Translocation         2
   c - Lesser Beckoning               Translocation                3
   d - Gell's Gravitas                Translocation                3
   e - Teleport Other                 Translocation                3
   f - Passage of Golubria            Translocation                4
 W - a book of Misfortune

   Spells                             Type                      Level
   a - Confusing Touch                Hexes                        1
   b - Confuse                        Hexes                        3
   c - Gell's Gravitas                Translocation                3
   d - Petrify                        Transmutation/Earth          4
   e - Metabolic Englaciation         Hexes/Ice                    5
   f - Yara's Violent Unravelling     Hexes/Transmutation          5
Comestibles
 f - 12 bread rations
 g - 7 meat rations
 n - 14 fruits
 M - 3 royal jellies


   Skills:
 - Level 10.1 Fighting
 - Level 1.0(4.2) Short Blades
 * Level 6.5(6.6) Long Blades
 - Level 10.5 Dodging
 - Level 11.0 Stealth
 * Level 14.1 Shields
 + Level 1.8 Spellcasting
 * Level 2.0 Hexes
 + Level 2.7 Charms
 + Level 2.4 Translocations
 * Level 11.5 Invocations
 - Level 7.9 Evocations


You had 6 spell levels left.
You knew the following spells:

 Your Spells              Type           Power        Failure   Level  Hunger
a - Blink                 Tloc           N/A          3%          2    ###....
b - Ozocubu's Armour      Chrm/Ice       #.......     10%         3    ###....
c - Shroud of Golubria    Chrm/Tloc      ##........   3%          2    ###....
d - Apportation           Tloc           ##....       2%          1    #......
e - Confuse               Hex            ##......     7%          3    ###....


Dungeon Overview and Level Annotations

Branches:
Dungeon (15/15)            Temple (1/1) D:5            Lair (1/6) D:11
    Orc (2/2) D:12            Elf (0/3) Orc:2        Vaults (0/5) D:14
 Depths (0/5) D:15

Altars:
Ashenzari
Cheibriados
Dithmenos
Elyvilon
Fedhas
Gozag
Hepliaklqana
Kikubaaqudgha
Makhleb
Nemelex Xobeh
Okawaru
Qazlal
Ru
Sif Muna
Trog
Uskayaw
Vehumet
Wu Jian
Xom
Yredelemnul
Zin
The Shining One

Shops:
D:5 =   D:9 !   Orc:1 (   Orc:2 *}%[::(}*

Annotations:
Lair:1 exclusion: 3 oklob plants
Orc:1 Saint Roka


Innate Abilities, Weirdness & Mutations

You cannot wear most types of armour.
You are very stealthy in the water. (Stealth+)
You are amphibious.
You can wear up to eight rings at the same time.
You can use your tentacles to constrict eight enemies at once.
Your skin changes colour to match your surroundings (Stealth+).
Your rubbery body absorbs attacks. (AC +1, EV +1)
One of your tentacles bears a spike.
You are partially covered in yellow scales. (AC +2)
Your mind is acute. (Int +2)
Your flesh is cold resistant. (rC+)
Your flesh is heat resistant. (rF+)
You passively map a small area around you.
You are resistant to electric shocks. (rElec)
You are weak. (Str -2)


Message History

You kill the hornet!
Qazlal accepts your kill.
The hornet stings the plant.
The oklob plant is engulfed in blazing flames.
The hornet stings the plant!
The plant is destroyed!
The shambling mangrove hits you!!
* * * LOW HITPOINT WARNING * * *
Okay, then.
Okay, then.
Evoke which item? (* to show all) (? for menu, Esc to quit)
Okay, then.
Okay, then.
A red film seems to cover your vision as you go berserk!
You feel yourself moving faster!
You feel mighty! The oklob plant spits acid at you.
The splash of acid hits you!
* * * LOW HITPOINT WARNING * * *
You are splashed with acid!
The acid burns!
You die...

#.... * #.... , *###
#...# ##.#######
##...##### ####..P$.}..#
......##.###.##....$.%.#
.................P.|...#
..................$.?.P#
.....###.####.§yf.P(P[.#
....## ### #.###@#######
....## ## ### .....####
........# ......###
.....## ......# #.##..##
.(####.##


You could see a shambling mangrove, 3 oklob plants and a hornet.

Vanquished Creatures
  Gastronok (D:8)
  Kirke (D:14)
  A stone giant (Volcano)
  Azrael (D:12)
  2 hydras
  Harold (D:12)
  2 centaur warriors
  Erica (D:8)
  10 two-headed ogres
  An ogre mage (D:15)
  The ghost of flbbrgst the Grappler, a novice TrMo of Nemelex Xobeh (D:10)
  3 tengu warriors
  7 death yaks
  3 unseen horrors
  2 wizards
  6 deep elf magi
  An orc knight (Orc:2)
  A necromancer (D:14)
  2 ugly things
  2 orc sorcerers (D:15)
  3 manticores
  2 cyclopes
  4 centaur zombies
  2 black mambas (Lair:1)
  2 centaur skeletons
  A gargoyle (Volcano)
  A kobold demonologist (D:8)
  2 efreet
  A spiny frog (Lair:1)
  A freezing wraith (D:15)
  A yaktaur (D:15)
  2 komodo dragons
  A redback zombie (D:15)
  2 tengu conjurers
  5 trolls
  3 meliai (D:15)
  Prince Ribbit (D:8)
  19 centaurs
  2 hornets
  3 hippogriffs
  3 blink frogs (Lair:1)
  9 slime creatures
  Sigmund (D:5)
  A spriggan (D:10)
  2 wraiths
  A vampire (D:9)
  17 yaks
  3 wyverns
  4 shadows
  4 fire elementals
  2 hogs (D:14)
  5 fire bats (Volcano)
  2 vampire mosquitoes (D:14)
  3 hungry ghosts
  Edmund (D:5)
  Menkaure (D:4)
  8 wargs
  2 water moccasins (Lair:1)
  2 hell hounds (D:12)
  A soldier ant (D:13)
  2 porcupines (Lair:1)
  Duvessa (D:7)
  7 sky beasts
  42 orc warriors
  5 ice beasts
  An eye of draining (D:14)
  2 phantoms
  10 ogres
  2 hornet zombies
  2 necrophages
  A wolf (D:8)
  4 crocodiles (Lair:1)
  2 big kobolds
  Blork the orc (D:6)
  13 bullfrogs
  A gnoll sergeant (D:10)
  A wyvern zombie (D:9)
  Dowan (D:7)
  3 scorpions
  7 killer bees
  3 wights (D:6)
  2 howler monkeys
  2 lava snakes (Volcano)
  9 crimson imps
  13 orc priests
  3 bullfrog zombies
  3 jellies
  A bullfrog skeleton (D:13)
  8 hounds
  12 orc wizards
  A gnoll shaman (D:7)
  Crazy Yiuf (D:5)
  3 iguanas
  8 worker ants
  A bullfrog simulacrum (D:8)
  A hound zombie (D:5)
  A hound skeleton (D:6)
  A worker ant zombie (D:5)
  14 adders
  11 gnolls
  2 howler monkey skeletons (D:5)
  A hound simulacrum (D:8)
  A shadow imp (D:8)
  3 white imps
  An ufetubus (D:8)
  An adder zombie (D:5)
  5 worms
  2 dart slugs
  8 leopard geckos
  73 orcs
  5 bats
  5 giant cockroaches
  8 goblins
  9 hobgoblins
  17 jackals
  13 kobolds
  8 quokkas
  2 ball pythons (D:4)
  9 frilled lizards
  5 rats
563 creatures vanquished.

Vanquished Creatures (collateral kills)
  Snorg (Orc:1)
  A two-headed ogre (D:14)
  The ghost of Uristic the Slasher, a novice HuSk of Okawaru (D:5)
  2 trolls
  A hippogriff (D:10)
  A warg (Orc:1)
  A centaur (D:10)
  An orc priest (D:10)
  A worker ant (D:9)
  A gnoll (D:10)
  An adder (D:10)
  An orc (D:10)
13 creatures vanquished.

Vanquished Creatures (others)
  A two-headed ogre (D:14)
  A human (D:14)
  A water moccasin (D:5)
  A fungus (Lair:1)
  4 plants (Lair:1)
8 creatures vanquished.

Grand Total: 584 creatures vanquished

Notes
Turn   | Place    | Note
-------+----------+-------------------------------------------
     0 | D:1      | M4edhros the Octopode Artificer began the quest for the Orb.
     0 | D:1      | Reached XP level 1. HP: 13/13 MP: 3/3
   137 | D:1      | Reached XP level 2. HP: 14/18 MP: 4/4
   407 | D:3      | Reached XP level 3. HP: 23/23 MP: 5/5
   473 | D:4      | Reached skill level 5 in Stealth
   488 | D:4      | Reached XP level 4. HP: 13/28 MP: 6/6
   662 | D:4      | Found a shattered altar of Ashenzari.
   699 | D:4      | Reached XP level 5. HP: 17/33 MP: 7/7
   771 | D:5      | Entered Level 5 of the Dungeon
   771 | D:5      | Noticed a necrophage
   782 | D:5      | HP: 1/33 [necrophage (3)]
   786 | D:5      | Noticed Uristic's ghost (novice HuSk)
   861 | D:5      | Noticed Edmund
   864 | D:5      | Killed Edmund
   864 | D:5      | Reached XP level 6. HP: 19/38 MP: 8/8
   870 | D:5      | Noticed Sigmund
   879 | D:5      | Killed Sigmund
   879 | D:5      | Reached skill level 10 in Stealth
   879 | D:5      | Reached XP level 7. HP: 19/43 MP: 9/9
  1111 | D:5      | Noticed a troll
  1127 | D:5      | Reached skill level 1 in Shields
  1129 | D:5      | Killed a troll
  1129 | D:5      | Reached skill level 2 in Shields
  1154 | D:5      | Reached XP level 8. HP: 24/50 MP: 10/10
  1433 | D:5      | Found a staircase to the Ecumenical Temple.
  1465 | Temple   | Entered the Ecumenical Temple
  1704 | Temple   | Became a worshipper of Qazlal Stormbringer
  3007 | D:3      | Reached * piety under Qazlal
  3313 | D:4      | Noticed Menkaure
  3325 | D:4      | Killed Menkaure
  3325 | D:4      | Reached skill level 3 in Shields
  3391 | D:4      | Got a bound steel ring
  3476 | D:4      | Identified the ring "Yklik" {Wiz rElec rC- Str+5 Stlth+} (You found it on level 4 of the Dungeon)
  3543 | D:4      | Gained mutation: You are weak. (Str -2) [mutagenic meat]
  3544 | D:4      | Gained mutation: You are partially covered in large bone plates. (SH +4) [mutagenic meat]
  3545 | D:4      | Gained mutation: You evolve. [mutagenic meat]
  3546 | D:4      | Gained mutation: You tend to lose your temper in combat. [mutagenic meat]
  3854 | D:5      | Found Pezew's Jewellery Shoppe.
  3878 | D:5      | Found a runed door.
  3916 | D:5      | Noticed Crazy Yiuf
  3919 | D:5      | Killed Crazy Yiuf
  3965 | D:5      | Reached skill level 4 in Shields
  4169 | D:5      | Killed Uristic's ghost
  4176 | D:5      | Killed a centaur
  4176 | D:5      | Reached XP level 9. HP: 24/58 MP: 10/12
  4380 | D:6      | Reached skill level 5 in Shields
  4482 | D:6      | Reached skill level 5 in Dodging
  4488 | D:6      | Reached ** piety under Qazlal
  4592 | D:6      | Found a blossoming altar of Fedhas.
  4595 | D:6      | Found a deep blue altar of Sif Muna.
  4605 | D:6      | Found a glowing silver altar of Zin.
  4619 | D:6      | Found an opulent altar of Gozag.
  4747 | D:6      | Noticed Blork the orc
  4757 | D:6      | Killed Blork the orc
  4874 | D:6      | Reached skill level 6 in Shields
  4910 | D:6      | Found an ancient bone altar of Kikubaaqudgha.
  5112 | D:7      | Reached skill level 5 in Evocations
  5136 | D:7      | Gained mutation: You occasionally shout uncontrollably at your foes. [mutagenic meat]
  5137 | D:7      | Gained mutation: Your mind is acute. (Int +2) [mutagenic meat]
  5138 | D:7      | Gained mutation: Your flesh is cold resistant. (rC+) [mutagenic meat]
  5270 | D:7      | Noticed Dowan
  5273 | D:7      | Noticed Duvessa
  5285 | D:7      | Killed Duvessa
  5287 | D:7      | Reached skill level 5 in Fighting
  5294 | D:7      | Killed Dowan
  5294 | D:7      | Reached skill level 7 in Shields
  5303 | D:7      | Gained mutation: You are very weak. (Str -4) [mutagenic meat]
  5304 | D:7      | Gained mutation: Your body sometimes deteriorates upon taking damage. [mutagenic meat]
  5305 | D:7      | Gained mutation: You are agile. (Dex +2) [mutagenic meat]
  5434 | D:7      | Reached XP level 10. HP: 57/66 MP: 14/14
  5480 | D:7      | Reached *** piety under Qazlal
  5788 | D:7      | Found a hazy altar of Hepliaklqana.
  5869 | D:8      | Reached skill level 8 in Shields
  5971 | D:8      | Noticed a two-headed ogre
  5982 | D:8      | Killed a two-headed ogre
  6085 | D:8      | Noticed Gastronok
  6208 | D:8      | Reached skill level 9 in Shields
  6212 | D:8      | Lost mutation: You evolve. [mutagenic meat]
  6213 | D:8      | Lost mutation: You are agile. (Dex +2) [mutagenic meat]
  6216 | D:8      | Lost mutation: You are very weak. (Str -4) [mutagenic meat]
  6217 | D:8      | Gained mutation: You are clumsy. (Dex -2) [mutagenic meat]
  6462 | D:8      | Killed an unseen horror
  6462 | D:8      | Reached XP level 11. HP: 43/74 MP: 16/16
  6613 | D:8      | Noticed Erica
  6621 | D:8      | Killed Erica
  6621 | D:8      | Reached **** piety under Qazlal
  6659 | D:8      | Killed Gastronok
  6659 | D:8      | Reached skill level 10 in Shields
  7020 | D:8      | Noticed Prince Ribbit
  7289 | D:8      | Killed Prince Ribbit
  7517 | D:9      | Found a glowing golden altar of the Shining One.
  7531 | D:9      | Found Hunownin's Distillery.
  7632 | D:9      | Found an ornate altar of the Wu Jian Council.
  7633 | D:9      | Noticed a red ugly thing
  7649 | D:9      | Killed a red ugly thing
  7649 | D:9      | Reached skill level 1 in Invocations
  7663 | D:9      | Lost mutation: Your mind is acute. (Int +2) [mutagenic meat]
  7722 | D:9      | Got an ichor-stained spear
  7723 | D:9      | Identified the +1 spear of Wualios {pierce, Int+3} (You found it on level 9 of the Dungeon)
  7769 | D:9      | Paralysed by a hornet for 3 turns
  8072 | D:10     | Entered Level 10 of the Dungeon
  8102 | D:10     | Reached ***** piety under Qazlal
  8139 | D:10     | Noticed a manticore
  8141 | D:10     | Noticed flbbrgst's ghost (novice TrMo)
  8166 | D:10     | Killed flbbrgst's ghost
  8166 | D:10     | Reached skill level 11 in Shields
  8166 | D:10     | Reached XP level 12. HP: 40/82 MP: 17/17
  8244 | D:10     | Lost mutation: Your flesh is cold resistant. (rC+) [potion of mutation]
  8244 | D:10     | Lost mutation: You are weak. (Str -2) [potion of mutation]
  8244 | D:10     | Lost mutation: You are clumsy. (Dex -2) [potion of mutation]
  8244 | D:10     | Lost mutation: You are partially covered in large bone plates. (SH +4) [potion of mutation]
  8244 | D:10     | Lost mutation: Your body sometimes deteriorates upon taking damage. [potion of mutation]
  8244 | D:10     | Lost mutation: You occasionally shout uncontrollably at your foes. [potion of mutation]
  8244 | D:10     | Gained mutation: You are partially covered in yellow scales. (AC +2) [potion of mutation]
  8244 | D:10     | Gained mutation: Your spells are a little harder to cast, but a little more powerful. [potion of mutation]
  8244 | D:10     | Lost mutation: You tend to lose your temper in combat. [potion of mutation]
  8244 | D:10     | Gained mutation: You are mostly covered in yellow scales. (AC +3) [potion of mutation]
  8245 | D:10     | Lost mutation: You are mostly covered in yellow scales. (AC +3) [potion of mutation]
  8245 | D:10     | Lost mutation: Your spells are a little harder to cast, but a little more powerful. [potion of mutation]
  8245 | D:10     | Gained mutation: You are resistant to electric shocks. (rElec) [potion of mutation]
  8245 | D:10     | Gained mutation: Your mind is acute. (Int +2) [potion of mutation]
  8245 | D:10     | Gained mutation: One of your tentacles bears a spike. [potion of mutation]
  8245 | D:10     | Gained mutation: Your flesh is heat resistant. (rF+) [potion of mutation]
  8600 | D:11     | Noticed a death yak
  8601 | D:11     | Noticed a death yak
  8604 | D:11     | Noticed a death yak
  8605 | D:11     | Noticed a death yak
  8607 | D:11     | Noticed a death yak
  8609 | D:11     | Noticed a death yak
  8618 | D:11     | Killed a death yak
  8641 | D:11     | Killed a death yak
  8658 | D:10     | Killed a death yak
  8658 | D:10     | Reached skill level 5 in Invocations
  8734 | D:10     | Noticed a six-headed hydra
  8740 | D:10     | Killed a six-headed hydra
  8844 | D:10     | Killed a death yak
  8883 | D:10     | Killed a death yak
  9004 | D:11     | Found a staircase to the Lair.
  9238 | Lair:1   | Entered Level 1 of the Lair of Beasts
  9348 | D:12     | Noticed Azrael
  9380 | D:12     | Reached skill level 12 in Shields
  9393 | D:12     | Killed Azrael
  9562 | D:12     | Found a glowing golden altar of the Shining One.
  9562 | D:12     | Noticed Harold
  9571 | D:12     | Killed Harold
  9605 | D:12     | Noticed a two-headed ogre
  9606 | D:12     | Reached XP level 13. HP: 76/90 MP: 18/18
  9999 | D:12     | Gained mutation: You are agile. (Dex +2) [mutagenic meat]
 10000 | D:12     | Gained mutation: You passively map a small area around you. [mutagenic meat]
 10001 | D:12     | Gained mutation: You are weak. (Str -2) [mutagenic meat]
 10139 | D:12     | Found a staircase to the Orcish Mines.
 11311 | D:13     | Reached ****** piety under Qazlal
 11464 | D:13     | Reached skill level 1 in Long Blades
 11574 | D:14     | Reached skill level 10 in Dodging
 11578 | D:14     | Reached skill level 13 in Shields
 11690 | D:14     | Gained mutation: Your flesh is cold resistant. (rC+) [mutagenic meat]
 11691 | D:14     | Lost mutation: You are agile. (Dex +2) [mutagenic meat]
 11994 | D:14     | Noticed Kirke
 11995 | D:14     | Noticed a sphinx
 12003 | D:14     | Killed Kirke
 12003 | D:14     | Reached skill level 10 in Invocations
 12003 | D:14     | Reached XP level 14. HP: 26/98 MP: 21/21
 12153 | D:14     | Found a gate to the Vaults.
 12541 | D:15     | Entered Level 15 of the Dungeon
 12750 | D:15     | Learned a level 2 spell: Blink
 12771 | D:15     | Reached skill level 10 in Fighting
 12775 | D:15     | Reached skill level 5 in Long Blades
 13438 | D:15     | Found a staircase to the Depths.
 13660 | D:15     | Learned a level 3 spell: Ozocubu's Armour
 13663 | D:15     | Learned a level 2 spell: Shroud of Golubria
 13935 | Orc:1    | Entered Level 1 of the Orcish Mines
 13987 | Orc:1    | Noticed Snorg
 13999 | Orc:1    | Killed Snorg
 14025 | Orc:1    | Found Ogreth Zusa's Antique Weapon Boutique.
 14164 | Orc:1    | Reached skill level 1 in Spellcasting
 14466 | Orc:2    | Entered Level 2 of the Orcish Mines
 14466 | Orc:2    | Found Nitsiw's Book Shoppe.
 14466 | Orc:2    | Found Urozeu's General Store.
 14466 | Orc:2    | Found Qaytopryi's Antique Weapon Emporium.
 14466 | Orc:2    | Noticed Saint Roka
 14468 | Orc:2    | Reached skill level 1 in Translocations
 14469 | Orc:2    | Reached skill level 1 in Charms
 14475 | Orc:2    | Noticed Saint Roka
 14475 | Orc:2    | Saint Roka changed into Saint Roka the caustic shrike
 14811 | Orc:2    | Found a dark tunnel.
 14816 | Volcano  | Entered a volcano
 14834 | Volcano  | Noticed luab's ghost (journeyman GrFi)
 14993 | Volcano  | Noticed a stone giant
 15008 | Volcano  | Killed a stone giant
 15076 | Volcano  | Found a burning altar of Makhleb.
 15083 | Volcano  | Learned a level 1 spell: Apportation
 15108 | Orc:2    | Learned a level 3 spell: Confuse
 15163 | Orc:2    | Reached skill level 14 in Shields
 15346 | Orc:2    | Found Vuemedeh's Book Emporium.
 15357 | Orc:2    | Reached skill level 1 in Hexes
 15363 | Orc:2    | Found Ifuleirph's Gadget Boutique.
 15371 | Orc:2    | Found a staircase to the Elven Halls.
 15539 | Orc:2    | Found Saeniuc's Food Shoppe.
 15539 | Orc:2    | Found Raovu's Gadget Shop.
 15539 | Orc:2    | Found Gilomn's General Store.
 15542 | Orc:2    | Found Juanwaf's Armour Emporium.
 15553 | Orc:2    | Bought a wand of clouds (3/9) for 273 gold pieces
 15820 | Orc:2    | Bought a dazzling broad axe for 225 gold pieces
 15820 | Orc:2    | Identified the cursed +1 broad axe of Tegoh {venom, Str+6} (You bought it in a shop on level 2 of the Orcish Mines)
 16061 | D:5      | Bought a +4 ring of slaying for 936 gold pieces
 16238 | Lair:1   | Reached XP level 15. HP: 103/103 MP: 23/23
 16937 | Lair:1   | HP: 2/154 [oklob plant/splash of acid (10)]
 16937 | Lair:1   | Splashed by an oklob plant's acid

Vault maps used:
D:1:      wheals_arrival_linesprint
D:3:      first_bread
D:4:      old_standard_altar, serial_bayou_pond_e, kennysheep_generic_room_10,
          uniq_menkaure
D:5:      minmay_temple_entry_trees, serial_shops, kennysheep_mini_moat,
          moated_statue, uniq_sigmund, uniq_edmund, uniq_crazy_yiuf_cottage
D:6:      grunt_temple_overflow_cloverleaf, kennysheep_mini, uniq_blork_the_orc
D:7:      marbit_many_paths, uniq_duvessa
D:8:      serial_ice, serial_ice_n, serial_ice_a, serial_ice_k, serial_ice_e,
          serial_ice_g, uniq_erica, uniq_prince_ribbit1, uniq_gastronok
D:9:      cheibrodos_barr_body, nicolae_overflow_crystal_walls, basic_altar,
          serial_shops, shop
D:10:     the_bakery
D:11:     dpeg_lair_monsters
D:12:     david_orc_1_choice, basic_altar, uniq_azrael, uniq_harold
D:14:     david_vaults_1, serial_bayou_pond_a, uniq_kirke
D:15:     grunt_enter_depths_magical_seal, serial_park_tiny_2,
          roderic_roman_lattice
Temple:   dpeg_chambers_temple
Lair:1:   minmay_lair_oklob_chamber, lemuel_fruit_fields, grunt_megastairs_2
Orc:1:    cheibrodos_orc_guarddog, serial_shops, shop, uniq_snorg
Orc:2:    st_orc_rangers, enter_volcano_4, serial_shops, shop,
          nicolae_shop_waterfront, shop, shop, shop_coins, uniq_saint_roka
Volcano:  volcano_grotto

Skill      XL: |  1  2  3  4  5  6  7  8  9 10 11 12 13 14 15 |
---------------+----------------------------------------------+-----
Stealth        | 2 4 6 9 10 11 | 11.0
Shields        | 2 4 7 9 11 12 13 14 | 14.1
Fighting       | 2 3 5 6 7 8 9 10 | 10.1
Dodging        | 3 4 5 7 8 9 10 | 10.5
Evocations     | 4 5 7 |  7.9
Invocations    | 3 7 10 11 | 11.5
Long Blades    | 3 6 |  6.5
Spellcasting   | 1 |  1.8
Translocations | 2 |  2.4
Charms         | 2 |  2.7
Hexes          | 1 2 |  2.0
Short Blades   | |  1.0

Action                   |  1- 3 |  4- 6 |  7- 9 | 10-12 | 13-15 || total
-------------------------+-------+-------+-------+-------+-------++-------
Melee: Short sword       |    13 |       |       |       |       ||    13
       Constrict         |     9 |     6 |    81 |    82 |   106 ||   284
       Dagger            |    38 |    32 |   422 |   670 |       ||  1162
       Tentacles         |     8 |     4 |   102 |   209 |   228 ||   551
       Spear             |       |       |       |    25 |       ||    25
       Kick              |       |       |       |    90 |   336 ||   426
       Scimitar          |       |       |       |    20 |   708 ||   728
 Cast: Apportation       |       |       |       |       |     3 ||     3
       Ozocubu's Armour  |       |       |       |       |     2 ||     2
       Blink             |       |       |       |       |     1 ||     1
Invok: Disaster Area     |       |       |       |       |     4 ||     4
       Elemental Force   |       |       |       |       |     1 ||     1
Evoke: Wand              |       |     7 |    19 |    21 |    26 ||    73
  Use: Scroll            |       |     6 |       |    10 |     7 ||    23
       Potion            |       |     5 |     1 |    10 |     5 ||    21
 Stab: Sleeping          |    10 |     1 |    18 |       |       ||    29
       Confused          |       |       |     1 |       |       ||     1
       Distracted        |       |       |     1 |       |       ||     1
       Paralysed         |       |       |       |     7 |     5 ||    12
  Eat: Chunk             |       |       |    27 |    20 |    33 ||    80
       Royal jelly       |       |       |       |     2 |       ||     2
Armor: Skin              |    13 |     5 |    64 |    51 |    46 ||   179
Dodge: Dodged            |    35 |    15 |   150 |   203 |   361 ||   764
       Deflected         |       |       |       |     4 |    24 ||    28
Block: Shield            |       |     7 |   320 |   725 |   944 ||  1996
       Rpst.: Scimitar   |       |       |       |     3 |    73 ||    76
